 Dungeon Crawl Stone Soup version 0.28.0-43-g3370ac3207 (webtiles) character file.

Game seed: 10093638864665991377

3766 sking99 the Cleaver (level 10, -1/91 HPs)
             Began as a Hill Orc Fighter on Mar 14, 2022.
             Was a Believer of the Shining One.
             Slain by a wyvern zombie (8 damage)
             ... on level 7 of the Dungeon.
             The game lasted 00:12:44 (7262 turns).

sking99 the Cleaver (Hill Orc Fighter)              Turns: 7262, Time: 00:12:44

Health: -1/91      AC: 11    Str: 27    XL:     10   Next: 16%
Magic:  4/4        EV:  7    Int: 11    God:    the Shining One [**....]
Gold:   400        SH: 11    Dex: 16    Spells: 9/9 levels left

rFire   + . .      SeeInvis .   k - +9 hand axe of Dekeysk {antimagic, rF+ Int+3}
rCold   . . .      Faith    .   E - +0 kite shield
rNeg    + . .      Spirit   .   D - +0 chain mail
rPois   +          Reflect  .   (no helmet)
rElec   +          Harm     .   (no cloak)
rCorr   +          Rampage  .   G - +0 pair of gloves
Will    .....                   t - +0 pair of boots
Stlth   ..........              o - amulet of the acrobat
HPRegen 0.25/turn               j - ring of the Failed Coup {rElec rCorr Str+3 Dex+6}
MPRegen 0.09/turn               n - ring of poison resistance

@: glowing
A: no striking features
a: Renounce Religion, Divine Shield


You were on level 7 of the Dungeon.
You worshipped the Shining One.
The Shining One was pleased with you.
You visited 1 branch of the dungeon, and saw 7 of its levels.

You collected 400 gold pieces.

Inventory:

Hand Weapons
 a - a +0 war axe
 k - the +9 hand axe of Dekeysk (weapon) {antimagic, rF+ Int+3}
   (You found it on level 2 of the Dungeon)

   It reduces the magical energy of the wielder, and disrupts the spells and
   magical abilities of those it strikes.
   Natural abilities and divine invocations are not affected.
   Int:       It affects your intelligence (+3).
   rF:        It protects you from fire.
Missiles
 v - 4 throwing nets (quivered)
Armour
 t - a +0 pair of boots (worn)
 D - a +0 chain mail (worn)
 E - a +0 kite shield (worn)
 G - a +0 pair of gloves (worn)
Jewellery
 j - the ring of the Failed Coup (left hand) {rElec rCorr Str+3 Dex+6}
   (You found it on level 2 of the Dungeon)

   [ring of dexterity]

   Str:       It affects your strength (+3).
   Dex:       It affects your dexterity (+6).
   rElec:     It insulates you from electricity.
   rCorr:     It protects you from acid and corrosion.
 m - a +6 ring of dexterity
 n - a ring of poison resistance (right hand)
 o - an amulet of the acrobat (around neck)
 w - a ring of protection from cold
Wands
 y - a wand of paralysis (1)
Scrolls
 e - 2 scrolls of fear
 f - 4 scrolls of immolation
 h - 2 scrolls of enchant weapon
 i - a scroll of amnesia
 u - a scroll of enchant armour {unknown}
 B - a scroll of fog {unknown}
 C - a scroll of torment {unknown}
 F - a scroll of acquirement {unknown}
Potions
 b - 4 potions of curing
 d - a potion of might
 g - a potion of mutation
 l - 3 potions of cancellation
 p - 2 potions of flight
 q - a potion of attraction
 s - 2 potions of heal wounds {unknown}
 x - a potion of experience {unknown}
 A - a potion of lignification {unknown}


   Skills:
 + Level 9.3 Fighting
 * Level 13.2 Axes
 - Level 3.2 Armour
 + Level 7.4 Shields
 - Level 5.0 Invocations


You had 9 spell levels left.
You didn't know any spells.
Your spell library contained the following spells:

 Spells                   Type           Power      Damage    Failure   Level
 Animate Skeleton         Necr           0%         N/A       99%         1
 Apportation              Tloc           0%         N/A       99%         1
 Freeze                   Ice            0%         1d3       99%         1
 Summon Small Mammal      Summ           0%         N/A       99%         1
 Static Discharge         Conj/Air       0%         N/A       100%        2
 Frozen Ramparts          Ice            0%         1d2       100%        3
 Gell's Gravitas          Tloc           0%         N/A       100%        3
 Teleport Other           Tloc           0%         N/A       100%        3
 Hailstorm                Conj/Ice       0%         3d3       100%        4
 Leda's Liquefaction      Hex/Erth       0%         N/A       100%        4
 Lee's Rapid Deconstruct  Erth           0%         3d5*      100%        5
 Lightning Bolt           Conj/Air       0%         1d11      100%        5
 Dispersal                Tloc           0%         N/A       100%        6
 Statue Form              Tmut/Erth      0%         N/A       100%        6
 Maxwell's Capacitive Co  Air            0%         ∞         100%        8


Dungeon Overview and Level Annotations

Branches:
Dungeon (7/15)             Temple (0/1) D:4

Altars:
Dithmenos
Gozag
Hepliaklqana
Makhleb
Okawaru
Zin
The Shining One
Lugonu

Portals:
Abyss: D:6

Annotations:
D:4 2 transporters
D:7 3 runed translucent doors, benappo's ghost, novice DrTm


Message History

The wraith hits you!
* * * LOW HITPOINT WARNING * * *
The wraith drains your vigour!
You feel yourself slow down.
You slash the wraith!
The wraith is moderately damaged.
You block the wraith's attack.
You hit the wraith.
The wraith is heavily damaged.
You block the wraith's attack.
You slash the wraith!
The wraith is almost destroyed.
You block the wraith's attack.
You hit the wraith.
You destroy the wraith!
The Shining One accepts your kill.
You slash the orc!
You kill the orc!
You block the gnoll sergeant's attack. You block the gnoll sergeant's attack.
You block the gnoll sergeant's attack.
You feel yourself speed up.
Your divine shield fades away.
The gnoll sergeant closely misses you.
You hit the wyvern zombie.
The wyvern zombie is lightly damaged.
The wyvern zombie barely misses you.
You completely miss the wyvern zombie.
The wyvern zombie is lightly damaged.
You block the wyvern zombie's attack.
You hit the wyvern zombie.
The wyvern zombie is lightly damaged.
The wyvern zombie bites you.
* * * LOW HITPOINT WARNING * * *
You hit the wyvern zombie.
The wyvern zombie is moderately damaged.
The wyvern zombie bites you!
* * * LOW HITPOINT WARNING * * *
You slash the wyvern zombie!
The wyvern zombie is heavily damaged.
The wyvern zombie bites you!
You die...

...#♣.♣♣♣ ♣...
♣♣..♣♣ #.♣♣♣.#
...#♣...♣# ♣♣..♣
♣♣Z.♣♣#..♣..#
...#.###.#♣♣..♣
♣♣..♣#♣.♣.♣#
...#.#.#.♣♣..♣
♣♣..♣..#..#
...#.†.#.....♣♣
♣♣....#⌠#.#
...#.#.#.♣♣♣†.♣♣
#♣..♣♣..#..#
...#.###.#
♣♣..♣♣
#♣gZ♣♣#♣.♣.♣#
...#♣...♣#
♣♣..♣♣♣♣..♣♣
#..♣..#
...#♣.♣♣♣
♣♣.@♣♣..♣♣
#†♣♣♣.#
...#♣♣.♣♣
♣♣ZZg.♣♣ #..♣..#
...# ♣♣.♣ ♣♣..♣♣
#♣.♣.♣# ...#
♣.♣♣ ♣.♣♣
♣♣.♣♣#. ...# ♣.♣
#.# ♣.♣ #.
...#♣♣)♣♣ #..
♣.♣ #.
...#♣...♣# ###
#♣♣.♣♣#.
...#.....#
#..♣..#.
##.#♣...♣#
#♣♣)♣♣#.


You could see a gnoll sergeant, a wyvern zombie and a centaur zombie.

Vanquished Creatures
  A troll (D:7)
  A wraith (D:7)
  2 wyverns (D:7)
  A vampire mosquito (D:7)
  2 water moccasins
  Duvessa (D:4)
  2 orc warriors
  4 sky beasts
  4 ice beasts
  An ogre (D:4)
  A necrophage (D:7)
  A centaur (D:7)
  A phantom (D:7)
  2 kobold brigands (D:7)
  A bullfrog (D:7)
  A scorpion (D:7)
  Dowan (D:4)
  A killer bee (D:7)
  7 wights
  A bullfrog zombie (D:5)
  A centaur zombie (D:7)
  A jelly (D:5)
  3 gnoll shamans
  A centaur skeleton (D:5)
  3 orc priests
  3 iguanas
  An orc wizard (D:7)
  A hound skeleton (D:4)
  A howler monkey zombie (D:7)
  7 gnolls
  2 howler monkey skeletons
  7 adders
  2 white imps
  An ufetubus (D:6)
  An adder skeleton (D:4)
  A worm (D:2)
  A dart slug (D:5)
  17 orcs
  5 endoplasms
  5 giant cockroaches
  3 goblins
  4 hobgoblins
  4 jackals (D:3)
  12 kobolds
  4 quokkas
  3 ball pythons
  3 bats
  A frilled lizard (D:3)
  4 rats
  A lurking horror (D:6)
139 creatures vanquished.

Vanquished Creatures (collateral kills)
  An ogre (D:4)
  An orc (D:4)
2 creatures vanquished.

Grand Total: 141 creatures vanquished

Notes
Turn   | Place    | Note
-------+----------+-------------------------------------------
     0 | D:1      | sking99 the Hill Orc Fighter began the quest for the Orb.
     0 | D:1      | Reached XP level 1. HP: 19/19 MP: 1/1
   188 | D:1      | Reached skill level 3 in Axes
   346 | D:1      | Reached XP level 2. HP: 27/27 MP: 2/2
   809 | D:2      | Identified the ring of the Failed Coup {rElec rCorr Str+3
                  | Dex+6}
   964 | D:2      | Identified the +9 hand axe of Dekeysk {antimagic, rF+
                  | Int+3}
  1156 | D:2      | Found a faded altar of an unknown god.
  1172 | D:2      | Reached XP level 3. HP: 33/33 MP: 1/3
  1200 | D:2      | Found a glowing golden altar of the Shining One.
  1269 | D:2      | Reached skill level 4 in Axes
  1603 | D:2      | Became a worshipper of the Shining One
  1800 | D:3      | Reached XP level 4. HP: 40/40 MP: 1/4
  2241 | D:3      | Noticed a sky beast
  2247 | D:3      | Killed a sky beast
  2248 | D:3      | Reached skill level 5 in Axes
  2248 | D:3      | Reached XP level 5. HP: 39/47 MP: 1/5
  2344 | D:4      | Noticed an ogre
  2355 | D:4      | Killed an ogre
  2356 | D:4      | Reached skill level 5 in Fighting
  2356 | D:4      | Reached skill level 6 in Axes
  2356 | D:4      | Reached XP level 6. HP: 28/56 MP: 2/6
  2685 | D:4      | Found a glowing silver altar of Zin.
  2700 | D:4      | Found a transporter.
  3035 | D:4      | Noticed Dowan
  3053 | D:4      | Noticed Duvessa
  3068 | D:4      | Killed Duvessa
  3069 | D:4      | Reached skill level 7 in Axes
  3069 | D:4      | Reached skill level 5 in Shields
  3069 | D:4      | Reached XP level 7. HP: 50/62 MP: 2/7
  3074 | D:4      | Killed Dowan
  3646 | D:4      | Found a staircase to the Ecumenical Temple.
  3718 | D:4      | Found a transporter.
  3730 | D:4      | Reached skill level 8 in Axes
  3797 | D:5      | Entered Level 5 of the Dungeon
  4004 | D:5      | Reached * piety under the Shining One
  4015 | D:5      | Reached skill level 9 in Axes
  4015 | D:5      | Reached XP level 8. HP: 70/71 MP: 2/8
  4183 | D:5      | Reached skill level 1 in Invocations
  4344 | D:5      | Found a burning altar of Makhleb.
  4603 | D:5      | Found a faded altar of an unknown god.
  4856 | D:5      | Found a hazy altar of Hepliaklqana.
  5281 | D:6      | Found a shadowy altar of Dithmenos.
  5354 | D:6      | Reached skill level 10 in Axes
  5679 | D:6      | Found a one-way gate to the infinite horrors of the Abyss.
  5680 | D:6      | Found a corrupted altar of Lugonu.
  6026 | D:6      | Found a glowing golden altar of the Shining One.
  6239 | D:7      | Found an iron altar of Okawaru.
  6273 | D:7      | Reached XP level 9. HP: 79/80 MP: 3/11
  6324 | D:7      | Reached ** piety under the Shining One
  6330 | D:7      | Reached skill level 11 in Axes
  6562 | D:7      | Found a runed translucent gate.
  6562 | D:7      | Found a runed translucent gate.
  6564 | D:7      | Found a runed translucent gate.
  6566 | D:7      | Noticed benappo's ghost (novice DrTm)
  6694 | D:7      | Found an opulent altar of Gozag.
  6866 | D:7      | Reached skill level 5 in Invocations
  7070 | D:7      | Reached skill level 12 in Axes
  7197 | D:7      | Noticed a troll
  7218 | D:7      | Reached XP level 10. HP: 75/91 MP: 2/13
  7234 | D:7      | Reached skill level 13 in Axes
  7262 | D:7      | Slain by a wyvern zombie

Illustrated notes

Levels and vault maps discovered:
D:1:      amcnicky_arrival_abandoned_market, layout_basic
D:2:      layout_basic, basic_altar, hellmonk_ecumenical_altar_leap_of_faith,
          palyth_stone_intersect
D:3:      layout_loops_cross, nicolae_overflow_hidden_temple,
          lemuel_old_faithful
D:4:      gammafunk_cloud_chamber, layout_basic, mainiacjoe_overflow_brackets,
          minmay_temple_entry_offerings, chequers_serial_rivers_small_a,
          uniq_duvessa
D:5:      layout_basic, mainiacjoe_overflow_catwalk,
          beargit_hepliaklqana_dungeon_heroes, minmay_misc_feat_more_columns
D:6:      layout_basic, nicolae_tso_swordbearing_angel,
          nicolae_dithmenos_the_darkroom, solitary_fountain,
          amcnicky_altar_lugonu_corruption
D:7:      nzn_winding_woodlands_large [nzn_winding_woodlands_5x5_closed_star,
          nzn_winding_woodlands_5x15_twine, nzn_winding_woodlands_5x5_cross,
          nzn_winding_woodlands_center_pierced_h,
          nzn_winding_woodlands_15x15_thick_spiral,
          nzn_winding_woodlands_center_lodge,
          nzn_winding_woodlands_5x5_checkerboard,
          nzn_winding_woodlands_5x15_cabin,
          nzn_winding_woodlands_5x5_open_star], layout_basic,
          kennysheep_okawaru_gauntlet, grunt_gozag_breadcrumbs,
          ebering_ghost_rock_garden

Skill      XL: |  1  2  3  4  5  6  7  8  9 10 |
---------------+-------------------------------+-----
Axes           | 3 4 5 6 7 9 10 12 13 | 13.2
Fighting       | 4 5 6 7 9 |  9.3
Shields        | 4 5 7 |  7.4
Invocations    | 3 5 |  5.0
Armour         | |  3.2

Action                   |  1- 3 |  4- 6 |  7- 9 | 10-12 || total
-------------------------+-------+-------+-------+-------++-------
Melee: War axe           |    31 |       |       |       ||    31
       Hand axe          |    31 |    57 |   247 |    31 ||   366
Invok: Divine Shield     |       |       |     1 |       ||     1
  Use: Potion            |       |     1 |       |       ||     1
       Scroll            |       |     8 |     3 |       ||    11
Armor: Scale mail        |    30 |    13 |    14 |       ||    57
       Chain mail        |       |       |    40 |     4 ||    44
Dodge: Dodged            |    24 |    27 |    70 |     4 ||   125
Block: Buckler           |    19 |     9 |    27 |       ||    55
       Kite shield       |       |       |    67 |    29 ||    96
